 Dungeon Crawl Stone Soup version 0.28.0-45-g0d030f2227 (webtiles) character file.

Game seed: 4793217485827695788

59 pkoi the Ruffian (level 3, -1/29 HPs)
             Began as a Demigod Gladiator on Apr 5, 2022.
             Slain by a worm zombie (5 damage)
             ... on level 4 of the Dungeon.
             The game lasted 00:03:03 (2693 turns).

pkoi the Ruffian (Demigod Gladiator)                Turns: 2693, Time: 00:03:04

Health: -1/29      AC:  4    Str: 19    XL:     3   Next: 54%
Magic:  5/5        EV: 12    Int: 10    God:
Gold:   137        SH:  0    Dex: 15    Spells: 2/2 levels left

rFire   . . .      SeeInvis .     - Unarmed
rCold   . . .      Faith    .   (no shield)
rNeg    . . .      Spirit   .   a - +0 leather armour
rPois   .          Reflect  .   b - +0 helmet
rElec   .          Harm     .   (no cloak)
rCorr   +          Rampage  .   (no gloves)
Will    .....                   (no boots)
Stlth   +.........              (no amulet)
HPRegen 0.09/turn               d - ring of resist corrosion
MPRegen 0.09/turn               (no ring)

@: no status effects
A: high MP 1, forlorn, divine attributes
a: no special abilities


You were on level 4 of the Dungeon.
You visited 1 branch of the dungeon, and saw 4 of its levels.

You collected 137 gold pieces.

Inventory:

Hand Weapons
 e - a +0 short sword
Missiles
 c - 3 throwing nets (quivered)
Armour
 a - a +0 leather armour (worn)
 b - a +0 helmet (worn)
Jewellery
 d - a ring of resist corrosion (left hand)
Scrolls
 j - a scroll of noise {unknown}
 k - a scroll of identify {unknown}
 l - a scroll of fear {unknown}
Potions
 f - a potion of mutation {unknown}
 g - a potion of might {unknown}
 i - a potion of attraction {unknown}
 m - a potion of degeneration {unknown}


   Skills:
 - Level 1.7 Fighting
 - Level 1.7 Throwing
 - Level 2.6 Dodging
 * Level 4.3 Unarmed Combat


You had 2 spell levels left.
You didn't know any spells.
Your spell library was empty.

Dungeon Overview and Level Annotations

Branches:
Dungeon (4/15)
 Temple: D:4-7

Portals:
Ossuary: D:4

Annotations:
D:3 1 runed translucent door, Grinder; croobank's ghost, weakling MiFi


Innate Abilities, Weirdness & Mutations

You have an increased reservoir of magic. (+10% MP)
You shall have no god before yourself.
Your divine heritage dramatically boosts your attributes as you level up.


Message History

Unknown command.
As you read the scroll labelled YVIHUI SAKKA, it crumbles to dust.
You feel strangely unstable.
It was a scroll of teleportation.
Grinder gestures at you.
You shrug off the repeated paralysis!
You hit Grinder but do no damage. You completely miss Grinder.
Grinder gestures at you. Pain shoots through your body!
* * * LOW HITPOINT WARNING * * *
You barely miss Grinder.
Your surroundings seem slightly different.
Grinder gestures at you.
You suddenly lose the ability to move!
Grinder gestures at you.
You shrug off the repeated paralysis!
Grinder says, "FISH!"
Grinder gestures at you.
You shrug off the repeated paralysis!
You can move again.
Unknown command.
Grinder gestures at you. Pain shoots through your body!
* * * LOW HITPOINT WARNING * * *
There is a stone staircase leading down here.
You climb downwards.
You hear the hiss of flowing sand.
There is an entrance to an ossuary on this level.
Hurry and find it before the portal is buried!
Found 17 gold pieces, a scroll labelled IREOFEBURAC and 17 stones.
Found a sand-covered staircase.
There is a stone staircase leading up here.
The jackal barks!
You hear a bark!
A jackal comes into view.
The jackal barks!
You hear a bark!
The jackal moves out of view.
A quokka comes into view.
The gnoll zombie hits you.
* * * LOW HITPOINT WARNING * * *
The worm zombie bites you.
You die...

#..# #..# #
#..# #. #..# #
#.###..####.#
###...<.......#
#...$.........#
#.####.....##.
#Z@...# #Z?.#.#
##..#.# #.## #
#.# #.# #.# r..


You could see a worm zombie, a gnoll zombie and a quokka (asleep).

Vanquished Creatures
  An adder (D:3)
  6 endoplasms (D:1)
  3 giant cockroaches (D:2)
  6 goblins
  6 hobgoblins
  3 kobolds (D:1)
  3 quokkas
  4 ball pythons
  5 bats
  4 frilled lizards
  5 rats
46 creatures vanquished.

Notes
Turn   | Place    | Note
-------+----------+-------------------------------------------
     0 | D:1      | pkoi the Demigod Gladiator began the quest for the Orb.
     0 | D:1      | Reached XP level 1. HP: 17/17 MP: 3/3
   210 | D:1      | Reached skill level 3 in Unarmed Combat
   701 | D:2      | Reached XP level 2. HP: 5/24 MP: 4/4
  1597 | D:2      | Reached XP level 3. HP: 29/29 MP: 5/5
  1652 | D:2      | Reached skill level 4 in Unarmed Combat
  2607 | D:3      | Noticed croobank's ghost (weakling MiFi)
  2608 | D:3      | Found a runed translucent door.
  2674 | D:3      | Noticed Grinder
  2675 | D:3      | Paralysed by Grinder for 5 turns
  2683 | D:3      | Paralysed by Grinder for 3 turns
  2690 | D:4      | Found a sand-covered staircase.
  2693 | D:4      | Slain by a worm zombie

Illustrated notes

Levels and vault maps discovered:
D:1:      psy_arrival_dodecagon, layout_loops_ring, minmay_box_of_dots
D:2:      layout_basic, basic_altar, shapermc_ecumenical_altar_pompeii
D:3:      layout_rooms, hellmonk_ghost_happy_afterlife, uniq_grinder, uniq_robin
D:4:      layout_loops_ring, mainiacjoe_overflow_surrounded_room,
          enter_ossuary_3

Skill      XL: |  1  2  3 |
---------------+----------+-----
Unarmed Combat | 3 4 |  4.3
Fighting       | |  1.7
Throwing       | |  1.7
Dodging        | |  2.6

Action                   || total
-------------------------++-------
Melee: Short sword       ||    28
       Unarmed           ||   121
       Punch             ||     3
  Use: Potion            ||     2
       Scroll            ||     2
 Stab: Sleeping          ||     2
Armor: Leather armour    ||    53
Dodge: Dodged            ||   105
